 Dungeon Crawl Stone Soup version 0.29.1-14-g9c671dbff4 (webtiles) character file.

Game seed: 18178741024098826885

1245 KittyFluff the Cudgeller (level 8, -2/75 HPs)
             Began as a Gargoyle Berserker on Feb 16, 2023.
             Was a Priest of Trog.
             Slain by a troll (11 damage)
             ... on level 7 of the Dungeon.
             The game lasted 00:19:07 (4912 turns).

KittyFluff the Cudgeller (Gargoyle Berserker)       Turns: 4912, Time: 00:19:07

Health: -2/75      AC: 12    Str: 21    XL:     8   Next: 50%
Magic:  8/8        EV: 13    Int:  8    God:    Trog [***...]
Gold:   218        SH:  0    Dex: 11    Spells: 7/7 levels left

rFire   . . .      SeeInvis .   a - +0 mace
rCold   + . .      Faith    .   (no shield)
rNeg    + . .      Spirit   .   x - +2 robe {Archmagi}
rPois   ∞          Reflect  .   i - +0 helmet
rElec   +          Harm     .   b - +0 cloak
rCorr   .          Rampage  .   (no gloves)
Will    .....      Archmagi +   (no boots)
Stlth   ..........              l - amulet of the acrobat
HPRegen 0.22/turn               s - ring of protection from cold
MPRegen 0.11/turn               (no ring)

@: berserking, very quick
A: sickness immunity, AC +5, negative energy resistance 1, electricity
resistance, torment resistance 1, petrification resistance
a: Renounce Religion, Berserk, Trog's Hand


You were on level 7 of the Dungeon.
You worshipped Trog.
Trog was most pleased with you.
You visited 1 branch of the dungeon, and saw 6 of its levels.

You collected 218 gold pieces.

Inventory:

Hand Weapons
 a - a +0 mace (weapon)
 o - a +0 flail
 r - a +2 halberd of protection
 w - a +0 whip of electrocution
 y - a +0 sling
Missiles
 c - 34 stones (quivered)
 m - 11 poisoned darts
Armour
 b - a +0 cloak (worn)
 i - a +0 helmet (worn)
 n - a +0 leather armour
 x - a +2 robe of the Archmagi (worn)
 G - a +0 ring mail
Jewellery
 l - an amulet of the acrobat (around neck)
 s - a ring of protection from cold (left hand)
Wands
 C - a wand of iceblast (4)
 D - a wand of mindburst (23)
 J - a wand of flame (29)
Scrolls
 g - 3 scrolls of teleportation
 h - a scroll of butterflies
 p - a scroll of immolation
 q - a scroll of blinking
 u - 2 scrolls of enchant weapon {unknown}
 A - a scroll of silence {unknown}
 B - a scroll of magic mapping {unknown}
 E - a scroll of poison {unknown}
 I - a scroll of identify
Potions
 d - 2 potions of heal wounds
 e - 2 potions of curing {unknown}
 f - a potion of resistance {unknown}
 j - a potion of ambrosia {unknown}
 k - a potion of flight {unknown}
 t - a potion of berserk rage {unknown}
 v - 3 potions of cancellation {unknown}
 z - 2 potions of brilliance {unknown}
 F - a potion of mutation {unknown}
 H - a potion of invisibility {unknown}


   Skills:
 + Level 5.5 Fighting
 + Level 7.0 Maces & Flails
 + Level 0.8 Throwing
 * Level 5.0 Armour
 + Level 3.9 Dodging
 + Level 1.7 Stealth


You had 7 spell levels left.
You didn't know any spells.
Your spell library was empty.

Dungeon Overview and Level Annotations

Branches:
Dungeon (5/15)             Temple (0/1) D:7

Altars:
Sif Muna


Innate Abilities, Weirdness & Mutations

You are immune to sickness and miasma.
Your stone body is resilient. (AC +5)
You are immune to poison.
You resist negative energy. (rN+)
You are resistant to electric shocks. (rElec)
You are resistant to unholy torment.
You are immune to petrification.


Message History

The troll shouts!
An ice beast comes into view.
You see here 6 gold pieces.
You now have 218 gold pieces (gained 6).
You hit the troll.
The troll is lightly wounded.
The troll barely misses you. The troll completely misses you.
The troll misses you.
You hit the troll but do no damage.
The troll is lightly wounded.
The troll barely misses you. The troll closely misses you. The troll claws you!
A red film seems to cover your vision as you go berserk!
You feel yourself moving faster!
You feel mighty! The troll bites you. The troll closely misses you.
The troll claws you.
You closely miss the troll.
The troll is lightly wounded.
You closely miss the troll.
The troll is lightly wounded.
The troll bites you! The troll claws you but does no damage.
The troll claws you.
You thump the troll!
The troll is moderately wounded.
The troll bites you! The troll closely misses you. The troll barely misses you.
You hit the troll.
The troll is moderately wounded.
You hit the troll.
The troll is heavily wounded.
The troll closely misses you. x2; The troll claws you!
You barely miss the troll.
The troll is heavily wounded.
The troll misses you. The troll claws you!
* * * LOW HITPOINT WARNING * * *
The troll claws you!
* * * LOW HITPOINT WARNING * * *
You hit the troll.
The troll is heavily wounded.
You barely miss the troll.
The troll is heavily wounded.
The troll bites you!
You die...

##.##..... ........
###.....## .....Y.. ##
#...### #..##.....#
..#.#...###.#
......#.###.#####
.......YT@......#
....########..#.#######...
#... #P.P#........... #..
##.#########...# .. ... ##
..>. P#...# ####.##


You could see a troll and an ice beast.

Vanquished Creatures
  Pikel (D:4)
  Eustachio (D:5)
  A water moccasin (D:5)
  An ogre (D:5)
  2 scorpions (D:5)
  An orc priest (D:5)
  A hound (D:5)
  Crazy Yiuf (D:2)
  An iguana (D:5)
  An orc wizard (D:5)
  4 gnolls
  8 adders
  A worm (D:3)
  3 dart slugs
  7 orcs
  11 ball pythons
  3 bats
  7 endoplasms
  A giant cockroach (D:1)
  8 goblins
  9 hobgoblins
  4 jackals (D:1)
  A quokka (D:4)
  4 frilled lizards
  8 kobolds
  4 rats
94 creatures vanquished.

Vanquished Creatures (others)
  2 plants (D:7)
2 creatures vanquished.

Grand Total: 96 creatures vanquished

Notes
Turn   | Place    | Note
-------+----------+-------------------------------------------
     0 | D:1      | KittyFluff the Gargoyle Berserker began the quest for the
                  | Orb.
     0 | D:1      | Reached XP level 1. HP: 14/14 MP: 1/1
   168 | D:1      | Reached XP level 2. HP: 19/19 MP: 2/2
   515 | D:1      | Reached XP level 3. HP: 21/24 MP: 3/3
   536 | D:1      | Reached ** piety under Trog
   611 | D:1      | Found a faded altar of an unknown god.
  1146 | D:2      | Reached skill level 4 in Maces & Flails
  1146 | D:2      | Reached XP level 4. HP: 25/29 MP: 4/4
  1334 | D:2      | Found a runed translucent door.
  1335 | D:2      | Noticed Crazy Yiuf
  1342 | D:2      | Killed Crazy Yiuf
  1888 | D:2      | Reached XP level 5. HP: 9/33 MP: 5/5
  3444 | D:4      | Noticed a lemure
  3444 | D:4      | Noticed a lemure
  3444 | D:4      | Noticed a lemure
  3444 | D:4      | Noticed a lemure
  3444 | D:4      | Noticed Pikel
  3449 | D:4      | Reached *** piety under Trog
  3470 | D:4      | Killed Pikel
  3471 | D:4      | Reached skill level 6 in Maces & Flails
  3471 | D:4      | Reached XP level 6. HP: 27/40 MP: 6/6
  3471 | D:4      | Reached XP level 7. HP: 29/44 MP: 7/7
  3732 | D:4      | Found a shimmering blue altar of Sif Muna.
  4102 | D:5      | Entered Level 5 of the Dungeon
  4115 | D:5      | Reached skill level 5 in Fighting
  4115 | D:5      | Reached skill level 1 in Stealth
  4342 | D:5      | Reached XP level 8. HP: 21/49 MP: 8/8
  4719 | D:5      | Noticed Eustachio
  4744 | D:5      | Killed Eustachio
  4745 | D:5      | Reached skill level 7 in Maces & Flails
  4745 | D:5      | Reached skill level 5 in Armour
  4877 | D:5      | You fall into a shaft and drop 2 floors!
  4884 | D:7      | Found a staircase to the Ecumenical Temple.
  4893 | D:7      | Noticed a troll
  4912 | D:7      | Slain by a troll

Illustrated notes

Levels and vault maps discovered:
D:1:      wander_arrival_estate, layout_basic,
          hellmonk_ecumenical_altar_pennies_from_heaven, minmay_statues_item,
          minmay_tall_x
D:2:      layout_rooms, uniq_crazy_yiuf_cottage
D:3:      wad_crossroads, layout_basic
D:4:      layout_basic, led_sif_book, uniq_pikel
D:5:      kennysheep_spiral_hall, layout_basic, uniq_eustachio
D:7:      layout_rooms, minmay_temple_entry_gardened_gates,
          ebering_dispersal_statue_hall

Skill      XL: |  1  2  3  4  5  6  7  8 |
---------------+-------------------------+-----
Maces & Flails | 4 6 7 |  7.0
Dodging        | 2 3 |  3.9
Armour         | 3 4 5 |  5.0
Fighting       | 4 5 |  5.5
Stealth        | 1 |  1.7
Throwing       | |  0.8

Action                   |  1- 3 |  4- 6 |  7- 9 || total
-------------------------+-------+-------+-------++-------
Melee: Mace              |    99 |   121 |   126 ||   346
       Punch             |     2 |       |     3 ||     5
Throw: Stone             |       |     8 |     4 ||    12
       Dart              |       |       |     3 ||     3
Invok: Berserk           |     1 |     2 |     3 ||     6
  Use: Scroll            |       |     6 |       ||     6
 Stab: Sleeping          |       |       |     1 ||     1
Armor: Animal skin       |    44 |       |       ||    44
       Leather armour    |       |    44 |       ||    44
       Robe              |       |       |    56 ||    56
Dodge: Dodged            |    77 |    76 |   101 ||   254
